 Dungeon Crawl Stone Soup version 0.32-a0-42-ga30500b4d3 (webtiles) character file.

Game seed: 15307912697835848360

12888 gruber the Destroyer (level 11, -1/63 HPs)
             Began as a Deep Elf Conjurer on Jan 29, 2024.
             Was a Follower of Vehumet.
             Slain by a boulder beetle (5 damage)
             ... on level 11 of the Dungeon on Jan 31, 2024.
             The game lasted 00:16:03 (14254 turns).

gruber the Destroyer (Deep Elf Conjurer)           Turns: 14254, Time: 00:16:03

Health: -1/63      AC:  3    Str:  4    XL:     11   Next: 68%
Magic:  1/29       EV: 14    Int: 34    God:    Vehumet [*.....]
Gold:   490        SH:  0    Dex: 13    Spells: 24/34 levels left

rFire   + + .        v - +6 hand axe "Zoyrgh" {flame, rF+ Stlth+}
rCold   + . .        (no shield)
rNeg    . . .        D - +0 leather armour {rPois}
rPois   +            (no helmet)
rElec   .            C - scarf {rC+ rF+}
rCorr   .            (no gloves)
SInv    .            (no boots)
Will    +....        (no amulet)
Stlth   ++++         E - +6 ring of intelligence
HPRegen 0.30/turn    (no ring)
MPRegen 0.21/turn

%: no passive effects
@: no status effects
A: no striking features
a: Renounce Religion


You were on level 11 of the Dungeon.
You worshipped Vehumet.
Vehumet was aware of your devotion.
You visited 2 branches of the dungeon, and saw 12 of its levels.

You collected 490 gold pieces.

Inventory:

Hand Weapons
 v - the +6 hand axe "Zoyrgh" (weapon) {flame, rF+ Stlth+}
   (You found it on level 7 of the Dungeon)

   rF+:       It protects you from fire.
   Stlth+:    It makes you more stealthy.
Missiles
 u - a throwing net
Armour
 C - a scarf of resistance (worn)
 D - a +0 leather armour of poison resistance (worn)
Jewellery
 E - a +6 ring of intelligence (left hand)
Wands
 x - a wand of roots (2)
 z - a wand of flame (22)
Scrolls
 c - 3 scrolls of fog {unknown}
 d - a scroll of poison {unknown}
 e - 5 scrolls of revelation {unknown}
 f - 2 scrolls of vulnerability {unknown}
 g - 2 scrolls of fear {unknown}
 j - 2 scrolls of immolation {unknown}
 k - a scroll of amnesia {unknown}
 o - 2 scrolls of enchant armour {unknown}
 p - a scroll of enchant weapon {unknown}
 q - 4 scrolls of identify {unknown}
 s - a scroll of blinking {unknown}
 w - 2 scrolls of teleportation {unknown}
 y - 2 scrolls of butterflies {unknown}
Potions
 a - 2 potions of mutation {unknown}
 b - 2 potions of magic
 h - 10 potions of degeneration
 i - 5 potions of enlightenment {unknown}
 l - 2 potions of curing {unknown}
 m - a potion of attraction {unknown}
 n - 5 potions of ambrosia {unknown}
 r - 2 potions of heal wounds {unknown}
 t - 3 potions of resistance {unknown}
 A - 2 potions of brilliance {unknown}
 B - a potion of invisibility {unknown}
 F - 2 potions of might {unknown}
 G - a potion of lignification {unknown}


   Skills:
 - Level 5.0 Fighting
 - Level 8.0 Dodging
 - Level 7.0 Stealth
 - Level 12.0 Spellcasting
 * Level 12.3 Conjurations
 - Level 9.0 Earth Magic


You had 24 spell levels left.
You knew the following spells:

 Your Spells              Type           Power      Damage    Failure   Level
a - Magic Dart            Conj           100%       1d8       1%          1
b - Searing Ray           Conj           100%       2d8       1%          2
c - Iskenderun's Mystic   Conj/Tloc      58%        2d12      3%          4
d - Stone Arrow           Conj/Erth      100%       3d13      1%          3

Your spell library contained the following spells:

 Spells                   Type           Power      Damage    Failure   Level
 Sting                    Conj/Alch      100%       1d9       1%          1
 Sandblast                Erth           100%       2d20      1%          1
 Passwall                 Erth           69%        N/A       1%          3
 Brom's Barrelling Bould  Conj/Erth      75%        2d9       1%          4
 Fulminant Prism          Conj/Alch      29%        3d14      3%          4
 Jinxbite                 Hex            40%        N/A       6%          2
 Animate Armour           Summ/Erth      100%       N/A       6%          4
 Passage of Golubria      Tloc           20%        N/A       36%         4
 Silence                  Hex/Air        10%        N/A       71%         5
 Yara's Violent Unravell  Hex/Alch       10%        3d6       71%         5
 Lehudib's Crystal Spear  Conj/Erth      37%        10d9      97%         8
 Enfeeble                 Hex            10%        N/A       100%        7


Dungeon Overview and Level Annotations

Branches:
Dungeon (11/15)            Temple (1/1) D:7            Lair (0/5) D:10
    Orc (0/2) D:10

Altars:
Ashenzari
Cheibriados
Dithmenos
Elyvilon
Fedhas
Gozag
Hepliaklqana
Kikubaaqudgha
Makhleb
Nemelex Xobeh
Okawaru
Qazlal
Ru
Sif Muna
Trog
Uskayaw
Vehumet
Wu Jian
Xom
Yredelemnul
Zin
The Shining One

Shops:
D:7 :[

Annotations:
D:5 2 runed translucent doors, senseless's ghost, novice DsSh


Message History

Casting: Stone Arrow (safe; 1% risk of failure)
Confirm with . or Enter, or press ? or * to list all spells.
Aiming: Stone Arrow (safe; 1% risk of failure)
Press: ? - help, Shift-Dir - straight line, f/p - boulder beetle
Aim: a boulder beetle (severely wounded, 100% to hit)
The stone arrow hits the boulder beetle.
The boulder beetle is severely wounded.
The boulder beetle bites you!
* * * LOW HITPOINT WARNING * * *
Casting: Stone Arrow (safe; 1% risk of failure)
Confirm with . or Enter, or press ? or * to list all spells.
You erupt in a blast of force!
The mystic blast hits the boulder beetle but does no damage.
The boulder beetle is severely wounded.
The boulder beetle closely misses you.
Unknown command.
Unknown command.
Casting: Iskenderun's Mystic Blast (dangerous; 3% risk of failure)
Confirm with . or Enter, or press ? or * to list all spells.
You erupt in a blast of force!
The mystic blast hits the boulder beetle!
The boulder beetle is almost dead.
The boulder beetle is knocked back by the mystic blast.
Unknown command.
Unknown command.
Casting: Iskenderun's Mystic Blast (dangerous; 3% risk of failure)
Confirm with . or Enter, or press ? or * to list all spells.
You erupt in a blast of force!
The mystic blast hits the boulder beetle but does no damage.
The boulder beetle is almost dead.
The boulder beetle curls into a ball and begins rolling!
Unknown command.
Unknown command.
Aiming: Throw Flame
Press: ? - help, Shift-Dir - straight line, f/p - boulder beetle
Aim: a boulder beetle (almost dead, rolling, 100% to hit)
The puff of flame hits the boulder beetle.
The boulder beetle is almost dead.
The boulder beetle hits you.
You die...

############## #####
#............. #....
+.......°..... #....
#......°...... #....
######B################
#.....@......<.........
#......................
#......................
#......................
#####..>...................
#...#.....##'######...#####
#.................#...#....
#####.................#...#....
+...#.................#...#....


You could see a boulder beetle (rolling).

Vanquished Creatures
  3 two-headed ogres
  2 sun demons (D:10)
  An ugly thing (D:11)
  A manticore (D:11)
  A smoke demon (D:10)
  2 elephants (D:10)
  2 rust devils (D:10)
  A gargoyle (D:11)
  A komodo dragon (D:10)
  An ice devil (D:10)
  Psyche (D:9)
  A troll (D:9)
  A hellwing (D:10)
  A hornet (D:9)
  Grinder (D:5)
  A ynoxinul (D:10)
  8 yaks
  A steam dragon (D:9)
  2 vampire mosquitoes (D:9)
  3 acid dragons
  3 water moccasins
  A swamp drake (D:10)
  3 orc warriors
  Duvessa (D:6)
  3 black bears
  2 ogres
  4 centaurs
  5 bullfrogs
  3 scorpions
  Dowan (D:6)
  8 wights
  3 killer bees (D:7)
  A bombardier beetle (D:5)
  2 jellies
  2 hounds
  4 quasits (D:10)
  5 orc priests
  2 gnoll boudas
  A sleepcap (D:7)
  Natasha (twice) (D:3)
  4 iguanas
  8 orc wizards
  14 gnolls
  6 adders
  A shadow imp (D:6)
  2 white imps (D:7)
  2 ufetubi (D:6)
  4 dart slugs
  A ribbon worm (D:5)
  37 orcs
  5 ball pythons
  7 endoplasms
  A giant cockroach (D:4)
  8 goblins
  10 hobgoblins
  8 jackals
  A quokka (D:1)
  2 bats (D:1)
  7 frilled lizards
  5 kobolds
  4 rats
228 creatures vanquished.

Notes
Turn   | Place    | Note
-------+----------+-------------------------------------------
     0 | D:1      | gruber the Deep Elf Conjurer began the quest for the Orb.
     0 | D:1      | Reached XP level 1. HP: 10/10 MP: 6/6
   138 | D:1      | Reached XP level 2. HP: 11/15 MP: 1/8
   144 | D:1      | Reached skill level 5 in Conjurations
   858 | D:2      | You fall into a shaft and drop 1 floor!
   904 | D:3      | Learned a level 2 spell: Searing Ray
   947 | D:3      | Noticed Natasha
   954 | D:3      | Killed Natasha
   955 | D:3      | Reached XP level 3. HP: 10/19 MP: 0/9
  1127 | D:3      | Reached XP level 4. HP: 24/24 MP: 6/10
  1186 | D:3      | Noticed Natasha
  1192 | D:3      | Killed Natasha
  1677 | D:2      | Found a broken altar of Ashenzari.
  1686 | D:2      | Reached XP level 5. HP: 28/28 MP: 5/11
  2497 | D:3      | Found a snail-covered altar of Cheibriados.
  2518 | D:3      | Found a shimmering blue altar of Sif Muna.
  2798 | D:4      | Noticed a yak
  2798 | D:4      | Noticed a yak
  2798 | D:4      | Noticed a yak
  3303 | D:4      | Reached skill level 5 in Spellcasting
  3303 | D:4      | Reached XP level 6. HP: 23/32 MP: 9/16
  3404 | D:4      | Learned a level 4 spell: Iskenderun's Mystic Blast
  3784 | D:5      | Entered Level 5 of the Dungeon
  4050 | D:5      | Reached XP level 7. HP: 36/36 MP: 12/20
  4287 | D:5      | Noticed Grinder
  4320 | D:5      | Killed Grinder
  4421 | D:5      | Found a runed translucent door.
  4427 | D:5      | Noticed senseless's ghost (novice DsSh)
  4456 | D:5      | Found a runed translucent door.
  5093 | D:4      | Noticed a yak
  5183 | D:5      | Reached XP level 8. HP: 40/41 MP: 17/23
  5320 | D:6      | Noticed Duvessa
  5320 | D:6      | Noticed Dowan
  5324 | D:6      | Killed Dowan
  5327 | D:6      | Killed Duvessa
  5818 | D:6      | Reached skill level 10 in Spellcasting
  6820 | D:7      | Identified the +6 hand axe "Zoyrgh" {flame, rF+ Stlth+}
  6863 | D:7      | Learned a level 3 spell: Stone Arrow
  6975 | D:7      | Found Dehothyn's Armour Shoppe.
  7013 | D:7      | Found Atadd's Vocational Training.
  7170 | D:7      | Reached XP level 9. HP: 45/45 MP: 16/27
  7231 | D:7      | Found a staircase to the Ecumenical Temple.
  7440 | D:7      | Reached skill level 5 in Dodging
  7867 | Temple   | Entered the Ecumenical Temple
  7879 | D:8      | Noticed a two-headed ogre
  7889 | D:8      | Killed a two-headed ogre
  7988 | D:8      | Reached skill level 1 in Fighting
  8598 | D:8      | Reached skill level 5 in Fighting
  8598 | D:8      | Reached XP level 10. HP: 34/59 MP: 7/28
  8938 | D:9      | Noticed Psyche
  8946 | D:9      | Killed Psyche
  9161 | D:9      | Reached skill level 5 in Stealth
  9594 | D:9      | Reached skill level 1 in Earth Magic
 10190 | D:9      | Found a bloodstained altar of Trog.
 10192 | D:9      | Found a radiant altar of Vehumet.
 10201 | D:9      | Found an iron altar of Okawaru.
 10203 | D:9      | Became a worshipper of Vehumet
 10247 | D:9      | Found a sparkling altar of Nemelex Xobeh.
 10248 | D:9      | Found a glowing golden altar of the Shining One.
 10248 | D:9      | Found a burning altar of Makhleb.
 10248 | D:9      | Found a glowing silver altar of Zin.
 10249 | D:9      | Found a shadowy altar of Dithmenos.
 10251 | D:9      | Found a shimmering altar of Xom.
 10252 | D:9      | Found an ornate altar of the Wu Jian Council.
 10253 | D:9      | Found an ancient bone altar of Kikubaaqudgha.
 10427 | D:10     | Entered Level 10 of the Dungeon
 10478 | D:10     | Reached skill level 5 in Earth Magic
 10646 | D:10     | Found a staircase to the Lair.
 10646 | D:10     | Noticed an elephant
 10650 | D:10     | Killed an elephant
 10725 | D:10     | Noticed a rust devil
 10730 | D:10     | Noticed a two-headed ogre
 10732 | D:10     | Killed a rust devil
 10756 | D:10     | Killed a two-headed ogre
 10757 | D:10     | Reached skill level 10 in Conjurations
 10916 | D:10     | Noticed a rust devil
 10921 | D:10     | Killed a rust devil
 10992 | D:10     | Noticed a sun demon
 11429 | D:10     | Killed a sun demon
 11430 | D:10     | Reached XP level 11. HP: 63/63 MP: 12/29
 11871 | D:10     | Noticed a sun demon
 11913 | D:10     | Killed a sun demon
 12413 | D:10     | Noticed a two-headed ogre
 12419 | D:10     | Killed a two-headed ogre
 12602 | D:10     | Reached * piety under Vehumet
 12602 | D:10     | Offered knowledge of Sting by Vehumet.
 12835 | D:10     | Identified the +0 ring mail of the Chupacabra {-Tele Regen+
                  | rCorr Int+9}
 12984 | D:10     | Found a staircase to the Orcish Mines.
 13970 | D:11     | Noticed a cyan ugly thing
 13986 | D:11     | Killed a cyan ugly thing
 14115 | D:11     | Noticed a boulder beetle
 14249 | D:11     | HP: 2/63 [boulder beetle (15)]
 14254 | D:11     | Slain by a boulder beetle

Illustrated notes

Levels and vault maps discovered:
D:1:      tarquinn_simple_flora_water_f, layout_basic
D:2:      layout_loops_ring, basic_altar
D:3:      layout_loops_cross, mainiacjoe_overflow_large_starburst,
          kennysheep_big_empty_room, uniq_natasha
D:4:      layout_loops_corners
D:5:      layout_cave_pools, ebering_ghost_sewer_f, minmay_misc_feat_pillars,
          minmay_stone_trees_medium, grunt_decor_one_mirror, uniq_grinder
D:6:      layout_cave_pods, uniq_duvessa
D:7:      layout_basic, minmay_temple_entry_statues_pillars, serial_shops,
          nicolae_inconvenience_store, nicolae_shop_vocational
D:8:      layout_loops_ring, minivault_19
D:9:      layout_basic, minitemple, uniq_psyche
D:10:     layout_stronghold, grunt_lair_entry_orc_guard_hut, erik_orc_1,
          serial_demonic, serial_demonic_f, serial_demonic_a, serial_demonic_e,
          serial_demonic_a
D:11:     layout_grid_maze
Temple:   kb_temple_of_zot

Skill      XL: |  1  2  3  4  5  6  7  8  9 10 11 |
---------------+----------------------------------+-----
Conjurations   | 5 6 7 8 9 10 12 | 12.3
Spellcasting   | 5 7 9 12 | 12.0
Dodging        | 4 8 |  8.0
Fighting       | 5 |  5.0
Stealth        | 7 |  7.0
Earth Magic    | 6 9 |  9.0

Action                     |  1- 3 |  4- 6 |  7- 9 | 10-12 || total
---------------------------+-------+-------+-------+-------++-------
  Melee: Unarmed           |     6 |       |       |       ||     6
         Short sword       |     7 |     2 |       |       ||     9
         Punch             |     1 |       |       |       ||     1
         Hand axe          |       |       |     2 |    12 ||    14
   Cast: Magic Dart        |    44 |   105 |    78 |    60 ||   287
         Searing Ray       |     1 |    11 |    49 |    18 ||    79
         Iskenderun's Myst |       |       |    17 |    51 ||    68
         Stone Arrow       |       |       |       |    76 ||    76
  Evoke: Wand              |       |       |       |     8 ||     8
 Armour: Robe              |    17 |    17 |    24 |    25 ||    83
         Leather armour    |       |       |       |    39 ||    39
  Dodge: Dodged            |    36 |    17 |    47 |    48 ||   148

Table legend: (Time is in decaauts)
 A = Elapsed time spent in this place.
 B = Non-inter-level travel time spent in this place.
 C = Inter-level travel time spent in this place.
 D = Time resting spent in this place.
 E = Time spent auto-exploring this place.
 F = Levels seen in this place.
 G = Mean time per level.
                   A        B        C        D        E       F      G
               +--------+--------+--------+--------+--------+-----+--------+
         Total |  14263 |  13732 |    531 |    624 |  11529 |  12 | 1188.6 |
       Dungeon |  14261 |  13731 |    530 |    624 |  11529 |  11 | 1296.5 |
        Temple |      1 |      1 |      0 |      0 |      0 |   1 |    1.0 |
               +--------+--------+--------+--------+--------+-----+--------+

Top non-repeatable levels by time:
    D:10: 2744 daAuts
     D:4: 1361 daAuts
     D:9: 1355 daAuts
     D:7: 1335 daAuts
     D:6: 1305 daAuts
     D:5: 1301 daAuts
    D:11: 1084 daAuts
     D:8: 1074 daAuts
     D:3: 944 daAuts
     D:2: 921 daAuts
     D:1: 833 daAuts
  Temple: 1 daAuts
